 Dungeon Sprint DCSS version 0.27-a0-1119-gbf574a6a6b (webtiles) character file.

Game seed: 15545722891156432749

266 mhtbhm the Arsonist (level 6, -1/32 HPs)
             Began as a Deep Elf Fire Elementalist on May 2, 2021.
             Was a Believer of Vehumet.
             Killed from afar by an air elemental (6 damage)
             ... with a tornado
             ... in the Dungeon (Sprint V: "Ziggurat Sprint").
             The game lasted 00:00:56 (225 turns).

mhtbhm the Arsonist (Deep Elf Fire Elementalist)     Turns: 225, Time: 00:00:57

Health: -1/32      AC:  5    Str:  5    XL:     6   Next: 0%
Magic:  15/18      EV: 14    Int: 34    God:    Vehumet [**....]
Gold:   0          SH:  0    Dex: 15    Spells: 9/20 levels left

rFire    + . .     SeeInvis .   C - +8 lance "Wyrmbane" {slay drac, rPois rF+ rC+ AC+3}
rCold    + . .     Faith    .   (no shield)
rNeg     . . .     Spirit   .   a - +0 robe
rPois    +         Reflect  .   (no helmet)
rElec    .         Harm     .   (no cloak)
rCorr    .         Rampage  .   (no gloves)
Will     .....     NoTele   +   (no boots)
Stlth    +++.......             (no amulet)
HPRegen  0.10/turn              u - +6 ring of intelligence
MPRegen  0.16/turn              v - +6 ring of intelligence

@: flying (expiring)
A: no striking features
a: Renounce Religion


You were in the Dungeon.
You worshipped Vehumet.
Vehumet was pleased with you.
You visited 1 branch

Inventory:

Hand Weapons
 C - the +8 lance "Wyrmbane" (weapon) {slay drac, rPois rF+ rC+ AC+3}
   (You found it in the Dungeon)

   It affects your AC (+3).
   It protects you from fire.
   It protects you from cold.
   It protects you from poison.
Armour
 a - a +0 robe (worn)
Jewellery
 u - a +6 ring of intelligence (left hand)
 v - a +6 ring of intelligence (right hand)
Wands
 y - a wand of mindburst (7)
 z - a wand of iceblast (3)
 A - a wand of acid (6)
Scrolls
 h - 4 scrolls of blinking
 m - 4 scrolls of amnesia
 n - 7 scrolls of fog
 o - a scroll of holy word
 p - 5 scrolls of identify
 q - 2 scrolls of fear
Potions
 b - 2 potions of brilliance
 c - 10 potions of curing
 d - 10 potions of heal wounds
 e - 6 potions of haste
 f - 7 potions of magic
 g - 3 potions of berserk rage
 i - 2 potions of invisibility
 j - 4 potions of resistance
 k - a potion of experience
 l - 5 potions of might
Miscellaneous
 r - a piece from Xom's chessboard (15/15)
 B - a lightning rod (4/4)


   Skills:
 + Level 5.7 Dodging
 + Level 5.2 Stealth
 + Level 7.8 Spellcasting
 + Level 1.7 Conjurations
 + Level 10.4 Fire Magic
 + Level 2.5 Evocations


You had 9 spell levels left.
You knew the following spells:

 Your Spells              Type           Power      Damage    Failure   Level
a - Foxfire               Conj/Fire      100%       2x1d9     1%          1
b - Conjure Flame         Conj/Fire      53%        6-21      1%          3
c - Inner Flame           Hex/Fire       48%        N/A       1%          3
d - Sticky Flame          Conj/Fire      53%        2d7       2%          4

Your spell library contained the following spells:

 Spells                   Type           Power      Damage    Failure   Level
 Shock                    Conj/Air       76%        1d7       2%          1
 Fireball                 Conj/Fire      26%        3d12      8%          5


Dungeon Overview and Level Annotations

Branches:
Dungeon (1/1)

Altars:
Ashenzari
Cheibriados
Dithmenos
Elyvilon
Fedhas
Gozag
Hepliaklqana
Kikubaaqudgha
Makhleb
Nemelex Xobeh
Okawaru
Qazlal
Ru
Sif Muna
Trog
Uskayaw
Vehumet
Wu Jian
Xom
Yredelemnul
Zin
The Shining One
Beogh
Jiyva
Lugonu

Annotations:
D 1 transporter


Message History

The air elemental is moderately damaged.
A vortex of raging winds appears around the air elemental! x3
Unknown command.
Unknown command.
Unknown command.
You don't have any such object.
Evoke which item? (* to show all) (? for menu, Esc to quit)
Okay, then.
Aiming: Iceblast
Press: ? - help, Shift-Dir - straight line, p - air elemental The mass of ice explodes!
The iceblast engulfs the air elemental!
The air elemental is heavily damaged.
The iceblast engulfs the air elemental!!
You destroy the air elemental!
Vehumet accepts your kill.
The iceblast engulfs the air elemental.
The air elemental is lightly damaged.
A vortex of raging winds appears around the air elemental!
The air elemental hits you! The air elemental closely misses you.
Your Dodging skill increases to level 5!
Your Stealth skill increases to level 5!
Your Spellcasting skill increases to level 7!
Your Fire Magic skill gained 2 levels and is now at level 10!
Your Evocations skill increases to level 2!
You have reached level 5!
You have reached level 6!
Your experience leads to an increase in your attributes!
Your base attributes are Str 5, Int 21, Dex 15.
Increase (S)trength, (I)ntelligence, or (D)exterity?
You feel clever.
Unknown command.
Unknown command.
Unknown command.
Aiming: Corrosive Bolt
Press: ? - help, Shift-Dir - straight line The bolt of acid misses the air elemental.
The vortex of raging winds lifts you up.
You fly up into the air.
* * * LOW HITPOINT WARNING * * *
You die...

▓▓▓▓▓▓▓▓▓▓▓▓▓▓▓▓▓▓▓
▓§8§8§▓.8©8.▓.8©8.▓
▓§§§§§▓.|[..▓.....▓
▓§§§§§▓.....▓.[.).▓
▓§§§E§▓.....▓.....▓
▓§EE§§▓..†..▓.....▓
▓§§§@§▓.....▓..©..▓
▓§§§§§▓..©..▓▓▓▓▓▓▓
▓▓▓▓▓▓▓▓▓▓▓▓▓


You could see 3 air elementals.

Vanquished Creatures
  An air elemental (D)
  A water moccasin (D)
  2 adders (D)
  A bat zombie (D)
  A ball python skeleton (D)
6 creatures vanquished.

Notes
Turn   | Place    | Note
-------+----------+-------------------------------------------
     0 | D        | mhtbhm the Deep Elf Fire Elementalist began the quest for
                  | the Orb.
     0 | D        | Reached XP level 1. HP: 10/10 MP: 6/6
     0 | D        | Found a shimmering blue altar of Sif Muna.
     0 | D        | Found a bloodstained altar of Trog.
     0 | D        | Found a sacrificial altar of Ru.
     0 | D        | Found a stormy altar of Qazlal.
     0 | D        | Found an iron altar of Okawaru.
     1 | D        | Found a sparkling altar of Nemelex Xobeh.
     1 | D        | Found a blossoming altar of Fedhas.
     2 | D        | Found the +6 Majin-Bo {vamp, MP+6 Int+6}
     2 | D        | Found the +9 heavy crossbow "Sniper" {vorpal, Acc+∞ SInv}
     2 | D        | Found the +10 dark maul {vorpal}
     2 | D        | Found the +15 Maxwell's patent armour {-Cast -Tele rElec
                  | Will+ rCorr}
     2 | D        | Found the +18 shield of the Gong {rElec rN+ Will+ EV-5}
     2 | D        | Found the +14 obsidian axe {vorpal, Drain Fly SInv}
     2 | D        | Found the +7 great mace "Firestarter" {inner flame, rF++}
     2 | D        | Found the +6 shillelagh "Devastator" {shatter}
     2 | D        | Found the +11 plutonium sword {Contam Stlth-}
     2 | D        | Found the +8 lance "Wyrmbane" {slay drac, rPois rF+ rC+
                  | AC+3}
     2 | D        | Found the +9 sword of Zonguldrok {reap}
     2 | D        | Found the +13 scythe of Curses {drain, Drain}
     2 | D        | Found the +5 sword of Power {vorpal}
     2 | D        | Found the +7 mace of Variability {chain chaos}
     2 | D        | Found the +7 Singing Sword {vorpal, sonic wave}
     2 | D        | Found the +8 storm bow {elec, penet}
     3 | D        | Found a transporter.
     3 | D        | Found an ancient bone altar of Kikubaaqudgha.
     3 | D        | Found a viscous altar of Jiyva.
     3 | D        | Found a corrupted altar of Lugonu.
     3 | D        | Found a hazy altar of Hepliaklqana.
     3 | D        | Found a burning altar of Makhleb.
     3 | D        | Found an opulent altar of Gozag.
    35 | D        | Became a worshipper of Vehumet
    49 | D        | Banished a spatial maelstrom
    59 | D        | Entered arena 2.
    59 | D        | Found a transporter.
    65 | D        | Got the -5 pair of gloves of the Tundras {+Blink rC- Str+7}
   170 | D        | Entered arena 3.
   170 | D        | Noticed a water moccasin
   170 | D        | Found a transporter.
   172 | D        | Reached * piety under Vehumet
   172 | D        | Offered knowledge of Shock by Vehumet.
   173 | D        | Reached skill level 5 in Fire Magic
   173 | D        | Reached XP level 2. HP: 15/15 MP: 7/9
   173 | D        | Killed a water moccasin
   174 | D        | Reached skill level 8 in Fire Magic
   174 | D        | Reached skill level 1 in Evocations
   174 | D        | Reached XP level 3. HP: 19/19 MP: 7/12
   174 | D        | Reached XP level 4. HP: 24/24 MP: 8/14
   178 | D        | Learned a level 3 spell: Conjure Flame
   182 | D        | Learned a level 3 spell: Inner Flame
   187 | D        | Learned a level 4 spell: Sticky Flame
   222 | D        | Entered arena 4.
   222 | D        | Noticed an air elemental
   222 | D        | Noticed an air elemental
   222 | D        | Noticed an air elemental
   222 | D        | Noticed an air elemental
   222 | D        | Found a transporter.
   224 | D        | Killed an air elemental
   224 | D        | Reached ** piety under Vehumet
   225 | D        | Reached skill level 5 in Dodging
   225 | D        | Reached skill level 5 in Stealth
   225 | D        | Reached skill level 10 in Fire Magic
   225 | D        | Reached XP level 5. HP: 15/28 MP: 15/17
   225 | D        | Reached XP level 6. HP: 17/32 MP: 15/18
   225 | D        | Killed from afar by an air elemental

Illustrated notes

Levels and vault maps discovered:
D:        sprint_v [room_start, room_1, room_2, room_3, room_4, room_5, room_6,
          room_7, room_8, room_9, room_10, room_11, room_12, room_13, room_14,
          room_15, room_16, room_17, room_18, room_19, room_20, room_21,
          room_22, room_23, room_24, room_25, room_26, room_27]

Skill      XL: |  1  2  3  4 |
---------------+-------------+-----
Dodging        | 3 4 5 |  5.7
Stealth        | 3 4 5 |  5.2
Spellcasting   | 4 6 7 |  7.8
Fire Magic     | 5 8 10 | 10.4
Evocations     | 1 2 |  2.5
Conjurations   | |  1.7

Action                   |  1- 3 |  4- 6 || total
-------------------------+-------+-------++-------
Evoke: Wand              |     2 |     3 ||     5
       Lightning rod     |     2 |       ||     2
Dodge: Dodged            |       |     1 ||     1

Table legend: (Time is in decaauts)
 A = Elapsed time spent in this place.
 B = Non-inter-level travel time spent in this place.
 C = Inter-level travel time spent in this place.
 D = Time resting spent in this place.
 E = Time spent auto-exploring this place.
 F = Levels seen in this place.
 G = Mean time per level.
                   A        B        C        D        E       F      G
               +--------+--------+--------+--------+--------+-----+--------+
         Total |    223 |    223 |      0 |    126 |      0 |   1 |  223.0 |
       Dungeon |    223 |    223 |      0 |    126 |      0 |   1 |  223.0 |
               +--------+--------+--------+--------+--------+-----+--------+

Top non-repeatable levels by time:
       D: 223 daAuts
